Map: Ice and Chrome LE

Players

jdge

  • Race: Terran Terran
  • League: Gold
  • Spawn Location: 1:00

Saga - Winner!

  • Race: Protoss Protoss
  • League: Gold
  • Spawn Location: 7:00

VOD

Have the link to the VOD?

Description

Cannon Rush Defense 2

Time

  • Played on: July 4, 2020, 8:53 p.m.
  • Length: 13:00
Show
View Real Time Build Order
Export as new Build Order

jdge Terran 

Build Orders:  

Get SALT Encoding   

  12  0:01  SCV  
  13  0:13  SCV  
  14  0:23  Supply Depot  
  14  0:25  SCV  
  15  0:29  Refinery  
  15  0:45  SCV  
  15  0:48  Barracks  
  16  0:57  SCV  
  17  1:09  SCV  
  18  1:21  SCV  
  19  1:39  Barracks Reactor  
  19  1:52  Orbital Command  
  19  2:04  Command Center  
  19  2:15  Factory  
  19  2:17  Refinery  
  19  2:18  Marine x2  
  19  2:20  Supply Depot  
  21  2:23  SCV  
  22  2:36  Marine  
  23  2:41  Marine, SCV  
  25  2:53  SCV  
  25  2:54  Marine, Engineering Bay  
  27  2:59  Marine  
  27  3:04  Starport  
  28  3:06  SCV  
  28  3:08  Widow Mine  
  31  3:15  Marine  
  31  3:18  SCV  
  33  3:22  Orbital Command  
  33  3:29  Widow Mine  
  35  3:37  Marine  
  35  3:38  Marine  
  37  3:51  Viking  
  39  3:55  Marine x2  
  39  3:58  SCV  
  42  4:04  Factory Tech Lab, Supply Depot  
  42  4:10  Terran Infantry Weapons Level 1  
  42  4:18  SCV  
  44  4:24  SCV  
  44  4:30  Siege Tank, SCV  
  48  4:36  SCV  
  49  4:38  Barracks  
  49  4:39  Starport Reactor  
  49  4:40  Starport Tech Lab  
  49  4:42  Marine  
  50  4:48  Supply Depot  
  50  4:58  SCV x2  
  52  5:03  Marine x2  
  54  5:10  Raven, SCV x2  
  58  5:17  Supply Depot  
  58  5:20  Siege Tank  
  58  5:21  Marine  
  62  5:28  Barracks Tech Lab  
  62  5:31  Barracks  
  62  5:39  Marine x2, SCV x2  
  62  5:42  Supply Depot  
  66  5:52  Siege Tank  
  66  5:57  Marine  
  69  6:03  Marine  
  71  6:04  Terran Infantry Armor Level 1  
  71  6:08  Stimpack  
  71  6:09  Marauder  
  73  6:14  Marine  
  73  6:17  Supply Depot  
  74  6:21  Marine  
  74  6:22  Barracks Reactor  
  75  6:31  Marauder  
  75  6:32  Marine  
  77  6:35  Starport Reactor  
  78  6:40  SCV  
  78  6:42  SCV  
  78  6:44  Marine  
  81  6:50  Marine  
  81  6:51  Marine, Refinery  
  81  6:52  SCV  
  81  6:54  Refinery, SCV  
  85  6:57  Supply Depot  
  85  7:00  Supply Depot  
  85  7:02  Marine  
  86  7:10  Supply Depot  
  86  7:18  Marine, SCV x2  
  86  7:19  Marauder x2  
  86  7:20  Marine  
  86  7:21  Medivac  
  96  7:24  Supply Depot  
  96  7:33  Supply Depot  
  96  7:36  Marine  
  97  7:38  Marine  
  97  7:40  Marauder x2  
  97  7:41  Medivac  
  104  7:48  Concussive Shells  
  104  7:54  Marine  
  104  7:55  Marine  
  106  8:01  Marauder x2  
  106  8:04  SCV x2  
  112  8:09  Supply Depot  
  112  8:10  Supply Depot  
  112  8:11  Marine  
  113  8:13  Marine  
  113  8:16  SCV x2  
  116  8:22  Marine  
  116  8:23  Marauder  
  116  8:24  Siege Tank  
  116  8:26  Medivac  
  124  8:28  SCV x2  
  124  8:30  Marine  
  124  8:31  Marine  
  124  8:32  Supply Depot  
  128  8:35  Medivac  
  128  8:40  Combat Shield, Marauder, SCV x2  
  134  8:44  Marauder  
  136  8:48  Marine  
  136  8:49  Marine  
  136  8:53  SCV  
  139  8:56  Medivac  
  139  9:00  Armory  
  139  9:02  Marauder  
  143  9:03  Supply Depot  
  143  9:05  Marauder  
  143  9:06  Marine, Supply Depot  
  143  9:07  Marine  
  147  9:21  Command Center  
  147  9:23  Marauder  
  147  9:24  Marine  
  149  9:25  Medivac, Marine  
  149  9:26  Medivac  
  149  9:27  Marauder  
  149  9:30  Supply Depot  
  157  9:42  Marine x2  
  157  9:45  Marauder  
  161  9:48  Marauder  
  163  9:54  Medivac  
  165  10:06  Marauder, Viking  
  169  10:10  Marauder  
  171  10:27  Marauder  
  173  10:33  Marauder  
  175  10:49  Marauder  
  177  10:54  Marauder  
  179  11:10  Marauder  
  181  11:16  Marauder  
  80  11:38  Marine x4  
  64  11:47  Viking x2  
  64  11:51  Siege Tank  
  71  11:56  Marine x4  
  75  12:13  Marine  
  75  12:14  Marine x3  
  79  12:17  Viking x2  
  83  12:23  Siege Tank  
  86  12:31  Marine  
  86  12:32  Marine x3  
Show
View Real Time Build Order
Export as new Build Order

Saga Protoss - Winner!

Build Orders: 1 Gate Expand, Colossus Rush 

Get SALT Encoding   

  12  0:01  Probe  
  13  0:13  Probe  
  14  0:20  Pylon  
  14  0:25  Probe  
  15  0:38  Probe  
  16  0:44  Gateway  
  16  0:50  Probe  
  17  0:59  Probe  
  17  1:01  Assimilator  
  18  1:07  Probe  
  19  1:17  Probe  
  20  1:27  Nexus  
  20  1:44  Cybernetics Core  
  20  1:46  Probe  
  21  1:50  Assimilator  
  21  2:03  Pylon  
  21  2:04  Probe  
  22  2:16  Probe  
  23  2:23  Stalker  
  25  2:40  Probe x2  
  27  2:47  Warp Gate  
  27  2:51  Probe  
  27  2:52  Probe  
  27  2:53  Stalker  
  31  2:59  Probe  
  31  3:04  Probe  
  33  3:08  Probe  
  33  3:10  Robotics Facility  
  34  3:16  Probe  
  34  3:19  Probe  
  35  3:22  Shield Battery  
  36  3:28  Probe  
  36  3:31  Probe  
  38  3:41  Probe  
  38  3:43  Probe  
  40  3:52  Observer  
  40  3:53  Probe  
  41  3:56  Gateway, Probe  
  41  3:57  Gateway  
  43  4:05  Probe  
  43  4:08  Pylon  
  43  4:09  Probe  
  45  4:17  Probe  
  45  4:19  Assimilator  
  45  4:21  Assimilator  
  46  4:26  Probe  
  46  4:29  Observer, Probe  
  49  4:34  Robotics Bay  
  49  4:37  Probe  
  49  4:42  Probe  
  49  4:45  Probe  
  51  4:50  Observer  
  53  4:54  Probe  
  53  4:55  Pylon  
  53  4:59  Pylon  
  54  5:04  Pylon  
  54  5:11  Colossus  
  54  5:13  Gateway, Probe  
  54  5:14  Gateway  
  55  5:24  Extended Thermal Lance  
  55  5:28  Sentry  
  63  5:44  Forge x2  
  63  5:55  Colossus, Nexus  
  63  5:57  Pylon  
  63  6:02  Pylon  
  62  6:04  Protoss Ground Weapons Level 1  
  62  6:08  Stalker x3  
  74  6:14  Protoss Ground Armor Level 1  
  74  6:18  Twilight Council  
  74  6:23  Probe x2  
  76  6:28  Stalker x2, Shield Battery  
  80  6:35  Probe  
  81  6:57  Colossus, Pylon  
  81  6:58  Pylon  
  81  7:01  Stalker, Pylon  
  81  7:02  Stalker x2  
  81  7:03  Zealot x2  
  81  7:05  Charge  
  97  7:27  Gateway  
  97  7:29  Gateway x2  
  97  7:35  Gateway x2  
  97  7:39  Zealot x4  
  97  7:40  Zealot  
  97  7:41  Templar Archives  
  107  7:49  Probe x2  
  107  7:50  Probe  
  110  8:01  Probe  
  110  8:04  Immortal  
  110  8:05  Photon Cannon  
  115  8:06  Photon Cannon  
  115  8:11  Probe x2  
  117  8:13  Probe  
  118  8:23  Protoss Ground Armor Level 2, Protoss Ground Weapons Level 2  
  118  8:24  Stalker x3  
  118  8:25  Zealot x2  
  118  8:27  Zealot  
  130  8:31  Psionic Storm  
  130  8:45  Blink  
  130  8:49  Assimilator  
  130  8:54  Assimilator  
  130  8:55  Pylon  
  130  8:57  Pylon  
  130  9:00  Pylon  
  130  9:02  Pylon  
  130  9:06  Pylon  
  130  9:09  High Templar  
  132  9:13  High Templar, Immortal  
  138  9:20  Zealot x7  
  152  9:36  Probe  
  152  9:48  Probe  
  152  9:49  High Templar  
  152  9:50  High Templar  
  157  10:19  Warp Prism  
  159  10:25  Zealot x4  
  159  10:26  Zealot x3  
  172  11:09  Pylon x2  
  172  11:11  Pylon  
  172  11:14  Pylon  
  172  11:15  Pylon  
  172  11:21  Warp Prism  
  124  11:47  Nexus  
  124  11:54  Stalker x10  
  140  12:49  Zealot x10  
Tags
 
Add a new tag
Caveats
  • Supply blocks, unpowered buildings, or Contaminate may cause inaccurate times.
  • Supply counts are checked every 10 seconds.